AoeStats
← +Matt.Chak

Arena

510445676Analyzed
4v4 RM · 22h ago on Oct 1, 2026· 40m 17s· 8 players
Game mode
Random Map
Map size
Large (8 player)
Population
200
Speed
Normal
Resources
Standard
Victory
Conquest
Starting age
Dark Age
Ending age
Imperial Age
RankedLock teamsTeams togetherTeam positionsShared explorationLock speedFull tech treeHidden civsTurbo modeCheats
Victory
Defeat
🇺🇸 Turks · United States
1360
+16
🇺🇸 Khmer · United States
1346
+16
🇭🇰 Wu · Hong Kong SAR China
1300
+18
🇺🇸 Slavs · United States
1245
+20
🇨🇴 Teutons · Colombia
1417
-20
🇨🇴 Koreans · Colombia
1414
-20
🇨🇴 Bohemians · Colombia
1312
-16
🇨🇴 Tupi · Colombia
1254
-14
HeyBro
10:23 Feudal Age
14:08 Castle Age
12:51 Double-Bit Axe
13:14 Stone Mining
13:39 Gold Mining
14:05 Horse Collar
17:39 Gold Shaft Mining
19:45 Wheelbarrow
21:50 Bow Saw
27:30 Imperial Age
26:02 Padded Archer Armor
26:19 Heavy Plow
28:54 Conscription
28:52 Leather Archer Armor
30:57 Ring Archer Armor
31:20 Loom
32:59 Elite Janissary
35:10 Hand Cart
37:51 Artillery
Nonna_Nero
10:09 Feudal Age
9:14 Loom
12:51 Double-Bit Axe
15:17 Castle Age
13:37 Horse Collar
25:09 Wheelbarrow
24:35 Heavy Plow
31:41 Bow Saw
34:52 Hand Cart
41:31 Imperial Age
39:40 Detinets
DUDA
10:16 Feudal Age
10:43 Feudal Age
14:23 Castle Age
12:36 Double-Bit Axe
12:50 Horse Collar
15:40 Bow Saw
15:40 Heavy Plow
17:55 Fervor
19:54 Gold Mining
21:57 Wheelbarrow
24:50 Scale Barding Armor
24:56 Forging
25:24 Gold Shaft Mining
25:07 Hand Cart
24:45 Loom
25:29 Husbandry
25:40 Bloodlines
26:42 Stone Mining
26:51 Town Watch
29:12 Chain Barding Armor
29:28 Iron Casting
32:40 Imperial Age
33:01 Cavalier
33:03 Elite Battle Elephant
34:24 Plate Barding Armor
34:49 Blast Furnace
33:12 Capped Ram
36:36 Conscription
38:34 Tusk Swords
38:51 Fletching
38:30 Heavy Scorpion
39:52 Bodkin Arrow
40:31 Masonry
40:17 Murder Holes
40:28 Siege Engineers
+Matt.Chak
10:29 Feudal Age
14:55 Castle Age
13:09 Horse Collar
13:36 Double-Bit Axe
20:31 Squires
20:17 Arson
20:37 Scale Mail Armor
20:53 Gold Mining
21:58 Bow Saw
22:44 Chain Mail Armor
23:52 Forging
26:12 Wheelbarrow
26:19 Gold Shaft Mining
25:46 Heavy Plow
27:02 Iron Casting
26:30 Loom
29:27 Hand Cart
35:11 Imperial Age
32:29 Town Watch
32:47 Stone Mining
34:44 Fletching
34:56 Padded Archer Armor
34:36 Man-at-Arms
37:29 Two-Man Saw
37:08 Stone Shaft Mining
36:15 Elite Skirmisher
36:53 Bodkin Arrow
37:29 Plate Mail Armor
38:07 Blast Furnace
37:24 Leather Archer Armor
38:03 Bracer
38:01 Onager
38:45 Pikeman
40:33 Conscription
40:17 Sitting Tiger
41:15 Ballistics
41:56 Chemistry
Escipion
11:40 Feudal Age
15:36 Castle Age
13:49 Double-Bit Axe
14:09 Stone Mining
14:59 Gold Mining
14:56 Horse Collar
17:11 Fletching
18:39 Padded Archer Armor
23:19 Bow Saw
27:25 Gold Shaft Mining
26:51 Heavy Plow
28:19 Ballistics
28:18 Bodkin Arrow
29:11 Leather Archer Armor
31:13 Champi Runner
31:54 Squires
31:40 Arson
32:12 Forging
32:02 Scale Mail Armor
32:36 Champi Warrior
34:11 Loom
36:25 Iron Casting
37:03 Pikeman
39:34 Wheelbarrow
Logan
11:00 Feudal Age
13:28 Wheelbarrow
16:06 Castle Age
14:48 Double-Bit Axe
15:18 Horse Collar
18:02 Bow Saw
29:50 Loom
35:04 Imperial Age
35:16 Elite Hussite Wagon
17_Neo_
10:37 Feudal Age
12:12 Wheelbarrow
14:54 Castle Age
12:53 Double-Bit Axe
13:10 Horse Collar
16:03 Bow Saw
15:51 Loom
22:01 Fletching
25:05 Heavy Plow
29:50 Imperial Age
27:55 Gold Mining
27:55 Stone Mining
28:09 Bodkin Arrow
28:58 Elite Skirmisher
29:44 Thumb Ring
30:33 Bracer
31:34 Chemistry
30:55 Ballistics
30:09 Pikeman
30:49 Squires
31:38 Conscription
RAGNAROK
12:23 Feudal Age
14:36 Wheelbarrow
17:10 Castle Age
15:45 Double-Bit Axe
15:42 Horse Collar
22:32 Hand Cart
24:17 Fletching
26:30 Bodkin Arrow
27:07 Loom
33:33 Imperial Age
31:42 Scale Barding Armor
31:47 Forging
31:50 Bloodlines
32:44 Chain Barding Armor
33:12 Gold Mining
34:31 Iron Casting
33:34 Cavalier
36:10 Plate Barding Armor
36:35 Blast Furnace
38:17 Paladin
Connection lost

Rejoining the realm…

Still unreachable

The connection could not be restored.

Session expired

The server has moved on; the page needs a fresh start.